 Dungeon Crawl Stone Soup version 0.20.1-1-g8b1a95d (webtiles) character file.

692 Vourdeox the Skirmisher (level 7, -1/53 (55) HPs)
             Began as a Demonspawn Berserker on Nov 30, 2017.
             Was a Believer of Trog.
             Slain by Vodalian's ghost (5 damage)
             ... on level 5 of the Dungeon.
             The game lasted 00:17:15 (1929 turns).

Vourdeox the Skirmisher (Demonspawn Berserker)      Turns: 1929, Time: 00:17:15

HP:   -1/53 (55)    AC: 12    Str: 19    XL:     7   Next: 36%
MP:   7/7           EV:  8    Int:  9    God:    Trog [**....]
Gold: 119           SH:  0    Dex: 12    Spells: 6/6 levels left

rFire    . . .     SeeInvis .   q - +2 hand axe (chop)
rCold    . . .     Gourm    .   (no shield)
rNeg     . . .     Faith    .   p - -1 chain mail (curse)
rPois    +         Spirit   .   (no helmet)
rElec    .         Reflect  .   (no cloak)
rCorr    .         Harm     .   (no gloves)
MR       ++...                  (no boots)
Stlth    ..........             (no amulet)
Regen    1.0/turn               (no ring)
MPRegen  0.1/turn               (no ring)

@: recuperating, diseased
A: claws 2, slimy green scales 3
a: Berserk, Trog's Hand, Burn Spellbooks, Renounce Religion


You were on level 5 of the Dungeon.
You worshipped Trog.
Trog was pleased with you.
You were not hungry.

You visited 1 branch of the dungeon, and saw 5 of its levels.
You also visited: Sewer.

You collected 197 gold pieces.
You spent 78 gold pieces at shops.

Inventory:

Hand Weapons
 a - a +0 falchion
 q - a +2 hand axe of chopping (weapon)
 s - a +0 falchion
 t - a +0 war axe
 u - a +0 hunting sling
 v - a +0 shortbow
 x - a +0 hand crossbow
Missiles
 w - 33 arrows
 y - 28 bolts
Armour
 b - a +0 animal skin
 g - a +0 ring mail
 m - a +0 scale mail
 p - a cursed -1 chain mail (worn)
 C - a +0 plate armour
 F - a +2 robe of fire resistance
Wands
 B - a wand of random effects (29/48)
Scrolls
 e - 4 scrolls of identify
 j - 3 scrolls of teleportation {unknown}
 k - a scroll of random uselessness {unknown}
 o - a scroll of blinking {unknown}
 r - a scroll of noise {unknown}
 A - a scroll of recharging {unknown}
Potions
 d - 4 potions of flight {unknown}
 f - 3 potions of curing {unknown}
 h - a potion of brilliance {unknown}
 i - a potion of haste
 z - a potion of heal wounds {unknown}
Comestibles
 c - 2 bread rations
 l - a royal jelly
 n - a meat ration
 D - 3 fruits
 E - 3 chunks of flesh


   Skills:
 + Level 4.7 Fighting
 - Level 3.1 Long Blades
 * Level 4.6 Axes
 + Level 3.1 Armour
 + Level 3.2 Dodging
 + Level 0.8 Stealth


You had 6 spell levels left.
You didn't know any spells.

Dungeon Overview and Level Annotations

Branches:
Dungeon (5/15)
 Temple: D:4-7

Altars:
Xom

Shops:
D:4 =?

Annotations:
D:5 Vodalian's ghost, novice GrBe


Innate Abilities, Weirdness & Mutations

You have very sharp fingernails.
You are completely covered in slimy green scales. (AC +4, rPois)


Message History

The necrophage barely misses you.
Vodalian's ghost takes a fighting stance.
Vodalian's ghost hits you but does no damage.
The orc hits you but does no damage. The necrophage barely misses you.
You hit the necrophage.
The necrophage is moderately damaged.
You barely miss Vodalian's ghost. Vodalian's ghost hits you!
* * * LOW HITPOINT WARNING * * *
The necrophage hits you but does no damage.
You closely miss the necrophage.
The necrophage is moderately damaged.
You hit Vodalian's ghost but do no damage.
The orc hits you but does no damage. Vodalian's ghost hits you!
* * * LOW HITPOINT WARNING * * *
The necrophage hits you but does no damage.
Your skin crawls.
You feel resistant to hostile enchantments.
You feel somewhat more hungry. The orc hits you but does no damage.
Vodalian's ghost hits you.
You die...

..?... ......
(...# .....
#.#.# ##
#.#o# .>
#.#n#######.#
#.@)).(.<.?.#
###W#########
#o# ..# ##.#
#.# #.# #.#


You could see a necrophage, an orc wizard, Vodalian's ghost and an orc.

Vanquished Creatures
  Duvessa (D:4)
  A black bear (D:3)
  A centaur (D:3)
  A big kobold (Sewer)
  Dowan (D:4)
  A bullfrog skeleton (D:4)
  An orc priest (D:3)
  2 orc wizards
  A worker ant (D:4)
  5 river rats
  4 adders
  An ooze (D:3)
  4 worms
  A leopard gecko (D:3)
  5 orcs
  A ball python (D:3)
  4 giant cockroaches
  4 hobgoblins
  5 jackals
  9 kobolds
  5 bats
  5 frilled lizards
  4 goblins
  8 rats
  2 butterflies (D:4)
77 creatures vanquished.

Vanquished Creatures (others)
  An orc wizard (D:5)
1 creature vanquished.

Grand Total: 78 creatures vanquished

Notes
Turn   | Place    | Note
-------+----------+-------------------------------------------
     0 | D:1      | Vourdeox the Demonspawn Berserker began the quest for the Orb.
     0 | D:1      | Reached XP level 1. HP: 18/18 MP: 1/1
    65 | D:1      | Gained mutation: You are partially covered in slimy green scales. (AC +2) [demonic ancestry]
    65 | D:1      | Reached XP level 2. HP: 17/24 MP: 2/2
   539 | D:2      | Gained mutation: You are mostly covered in slimy green scales. (AC +3) [demonic ancestry]
   539 | D:2      | Reached XP level 3. HP: 29/29 MP: 3/3
   697 | D:4      | Found Fyirchino's Magic Scroll Emporium.
   700 | D:4      | Bought a scroll of identify for 26 gold pieces
   741 | D:3      | Reached ** piety under Trog
   746 | D:3      | Gained mutation: You have sharp fingernails. [demonic ancestry]
   746 | D:3      | Reached XP level 4. HP: 36/36 MP: 4/4
   771 | D:3      | Reached skill level 1 in Axes
   792 | D:3      | Noticed a centaur
   797 | D:3      | Killed a centaur
   797 | D:3      | Gained mutation: You are completely covered in slimy green scales. (AC +4, rPois) [demonic ancestry]
   797 | D:3      | Reached XP level 5. HP: 10/42 MP: 5/5
   939 | D:3      | Found a glowing drain.
   997 | Sewer    | Entered a sewer
  1130 | Sewer    | Reached XP level 6. HP: 22/48 MP: 6/6
  1213 | Sewer    | Found a glowing silver altar of Zin.
  1403 | D:4      | Bought a scroll of identify for 26 gold pieces
  1403 | D:4      | Bought a scroll of identify for 26 gold pieces
  1413 | D:4      | Found Taiskis's Jewellery Boutique.
  1518 | D:4      | Found a shimmering altar of Xom.
  1746 | D:4      | Noticed Duvessa
  1748 | D:4      | Noticed Dowan
  1779 | D:4      | Killed Duvessa
  1779 | D:4      | Gained mutation: You have very sharp fingernails. [demonic ancestry]
  1779 | D:4      | Reached XP level 7. HP: 25/55 MP: 7/7
  1781 | D:4      | Killed Dowan
  1908 | D:5      | Entered Level 5 of the Dungeon
  1917 | D:5      | Noticed Vodalian's ghost (novice GrBe)
  1923 | D:5      | Reached *** piety under Trog
  1929 | D:5      | Slain by Vodalian's ghost

Skill      XL: |  1  2  3  4  5  6 |
---------------+-------------------+-----
Dodging        | 2 3 |  3.2
Long Blades    | 3 |  3.1
Armour         | 2 3 |  3.1
Axes           | 1 2 4 |  4.6
Fighting       | 4 |  4.7
Stealth        | |  0.8

Action                   |  1- 3 |  4- 6 |  7- 9 || total
-------------------------+-------+-------+-------++-------
Melee: Falchion          |    53 |       |       ||    53
       Hand axe          |    12 |   217 |    15 ||   244
Invok: Berserk           |     1 |     1 |       ||     2
       Trog's Hand       |       |     3 |     1 ||     4
  Use: Potion            |     1 |       |       ||     1
       Scroll            |       |     1 |     1 ||     2
 Stab: Sleeping          |     1 |       |       ||     1
  Eat: Chunk             |       |     3 |       ||     3
       Bread ration      |       |     1 |       ||     1
Armor: Animal skin       |    15 |       |       ||    15
       Chain mail        |     9 |   135 |    15 ||   159
       Scale mail        |     9 |       |       ||     9
Dodge: Dodged            |    45 |   106 |    17 ||   168
       Rpst.: Falchion   |     9 |       |       ||     9
